 Dungeon Crawl Stone Soup version 0.29-a0-340-g6efceafd81 (webtiles) character file.

Game seed: 695523403418461731

71 spaghetti the Caller (level 4, -2/36 HPs)
             Began as a Naga Summoner on Apr 19, 2022.
             Slain by an orc
             ... wielding a +0 flail
              (9 damage)
             ... on level 3 of the Dungeon.
             The game lasted 00:03:15 (1972 turns).

spaghetti the Caller (Naga Summoner)                Turns: 1972, Time: 00:03:16

Health: -2/36      AC:  4    Str:  9 (11) XL:     4   Next: 24%
Magic:  2/10       EV:  9    Int: 14 (17) God:
Gold:   106        SH:  0    Dex:  9 (11) Spells: 5/11 levels left

rFire   . . .      SeeInvis +   (no weapon)
rCold   + + .      Faith    .   (no shield)
rNeg    + . .      Spirit   .   a - +0 robe
rPois   +          Reflect  .   m - +2 hat "Dajeileff" {rElec rC+ rN+}
rElec   +          Harm     .   (no cloak)
rCorr   .          Rampage  .   (no gloves)
Will    .....                   (no barding)
Stlth   ++........              l - amulet of regeneration {@e2}
HPRegen 0.92/turn               g - ring of protection from cold
MPRegen 0.12/turn               (no ring)

@: mighty, weak-willed, very slow
A: AC +1, large, see invisible, deformed body, poison resistance, slowness 2,
spit poison 1, naga tail 1
a: Spit Poison


You were on level 3 of the Dungeon.
You visited 1 branch of the dungeon, and saw 3 of its levels.

You collected 106 gold pieces.


Innate Abilities, Weirdness & Mutations

Your serpentine skin is tough. (AC +1)
You have supernaturally acute eyesight. (SInv)
Armour fits poorly on your strangely shaped body.
Your system is resistant to poisons. (rPois)
You cover ground very slowly.
You can spit poison.
You have a snake-like lower body.


   Skills:
 - Level 1.5 Dodging
 - Level 3.0 Stealth
 - Level 4.0 Spellcasting
 + Level 4.1 Summonings


You had 5 spell levels left.
You knew the following spells:

 Your Spells              Type           Power      Damage    Failure   Level
a - Summon Small Mammal   Summ           56%        N/A       3%          1
b - Call Imp              Summ           14%        N/A       5%          2
c - Call Canine Familiar  Summ           14%        N/A       11%         3

Your spell library contained the following spells:

 Spells                   Type           Power      Damage    Failure   Level
 Pain                     Necr           8%         1d4       19%         1
 Summon Guardian Golem    Hex/Summ       8%         N/A       26%         3
 Summon Lightning Spire   Summ/Air       8%         N/A       63%         4
 Agony                    Necr           2%         N/A       99%         5
 Excruciating Wounds      Necr           1%         N/A       99%         5

Inventory:

Hand Weapons
 c - a +0 hand axe {axe}
   (You found it on level 1 of the Dungeon)
 f - a +0 club {mace}
   (You took it off a goblin on level 2 of the Dungeon)
 k - a +0 spear {polearm}
   (You found it on level 2 of the Dungeon)
Missiles
 i - 23 stones {throwing}
 n - 5 poisoned darts {throwing}
Armour
 a - a +0 robe (worn)
 m - the +2 hat "Dajeileff" (worn) {rElec rC+ rN+}
   (You found it on level 2 of the Dungeon)

   rC:        It protects you from cold.
   rElec:     It insulates you from electricity.
   rN:        It protects you from negative energy.
Jewellery
 g - a ring of protection from cold (left hand)
   (You found it on level 2 of the Dungeon)
 l - an amulet of regeneration (around neck) {@e2}
   (You found it on level 2 of the Dungeon)
Scrolls
 d - a scroll of enchant armour {unknown}
 e - 2 scrolls of identify {unknown}
Potions
 b - a potion of magic
 h - a potion of degeneration {!q@e2}

Dungeon Overview and Level Annotations

Branches:
Dungeon (3/15)

Altars:
Gozag

######### #.......#
#..5....# #.......#
#ยง......########
#.........)....#
#...ho...(.....#
#....)@........# .
#....)..=......#...
#..................
####.......<....#.
####........##
#..........#
#.#+###+.### #..
..# ## ..[


You could see an orc (weak-willed, ally target), a friendly hound (summoned,
weak-willed) and a friendly crimson imp (summoned, weak-willed).


Message History

Unknown command.
A hobgoblin is nearby!
A hobgoblin is nearby!
Casting: Call Canine Familiar (quite dangerous; 12% risk of failure)
Confirm with . or Enter, or press ? or * to list all spells.
The spell is quite dangerous to miscast (12% risk of failure)!
Continue anyway? ๐Ÿ˜Ž MP[-3]
You lost 3 mp, and now have 5/8 mp.
Casting: Call Canine Familiar (quite dangerous; 12% risk of failure)
Confirm with . or Enter, or press ? or * to list all spells.
You miscast Call Imp.
You are very lightly contaminated with residual magic.
Nothing appears to happen. ๐Ÿ˜Ž MP[-2]
You lost 2 mp, and now have 3/8 mp.
Casting: Call Imp (safe; 6% risk of failure)
Confirm with . or Enter, or press ? or * to list all spells.
A beastly little devil appears in a puff of flame. ๐Ÿ˜Ž MP[-2]
You lost 2 mp, and now have 1/8 mp.
You swap places.
Your crimson imp blinks!
An orc comes into view. It is wielding a +0 mace.
Your hound bites the hobgoblin.
The hobgoblin dies!
An orc and an orc priest come into view.
The orc shouts!
The orc closely misses your hound.
Your hound barely misses the orc.
The orc hits your hound with a +0 mace!
Your hound barely misses the orc. ๐Ÿ˜Ž MP[+1]
Your hound bites the orc.
The orc barely misses your hound.
Your hound bites the orc.
The orc priest calls down the wrath of Beogh upon you.
Beogh smites you!
Ouch! That really hurt!
* * * LOW HITPOINT WARNING * * *
The orc hits you but does no damage. ๐Ÿ˜จ HP[-15]
You take 15 damage, and now have 13/28 hp.
MASSIVE DAMAGE!! (PAUSE) It was a potion of might.
You feel very mighty all of a sudden.
Your hound barely misses the orc.
The orc closely misses you.
Your hound bites the orc but does no damage.
The orc priest calls upon Beogh to heal the orc.
The orc's wounds heal themselves!
Your magical contamination has completely faded away. ๐Ÿ˜จ HP[+1]
Aiming: Spit Poison (2% risk of failure)
Press: ? - help, Shift-Dir - straight line, f - orc priest
Aim: an orc priest, wielding a +0 short sword and wearing a +0 scale mail (65% to hit)
The splash of poison misses the orc priest.
Your hound bites the orc.
The orc closely misses you.
Your crimson imp blinks!
The orc priest hits you with a +0 short sword.
* * * LOW HITPOINT WARNING * * *
๐Ÿ˜จ HP[-4]
You take 4 damage, and now have 10/28 hp.
Okay, then.
As you read the scroll labelled IHEIV EJAADYNG, it crumbles to dust.
Magic quickly surges around you.
It was a scroll of vulnerability.
The orc hits you but does no damage.
Your crimson imp barely misses the orc.
The orc priest hits you with a +0 short sword.
* * * LOW HITPOINT WARNING * * *
๐Ÿ˜ฑ HP[-4]
You take 4 damage, and now have 6/28 hp.
Unknown command.
Unknown command.
Okay, then.
You hit the orc priest.
Your hound bites the orc.
The orc barely misses you. The orc priest barely misses you.
Your crimson imp blinks! ๐Ÿ˜ฑ HP[+1]
You punch the orc priest!
Your hound barely misses the orc priest.
The orc barely misses you. The orc priest closely misses you.
The orc hits you with a +0 mace.
* * * LOW HITPOINT WARNING * * *
Your hound bites the orc priest.
The orc priest dies!
You feel your dexterity returning.
Training target 4.0 for Spellcasting reached!
Your Spellcasting skill increases to level 4!
You need to enable at least one skill for training.
You have reached level 4!
You feel stronger. ๐Ÿ˜ฑ HP[-2]
You now have 36 max hp (+8).
You punch the orc!
You kill the orc!
You have got your breath back.
Your hound bites the orc but does no damage.
The orc barely misses you.
Your crimson imp blinks! ๐Ÿ˜ฑ HP[+1]
You hit the orc.
Your hound bites the orc but does no damage. x2
The orc hits you with a +0 flail!
You die...

Skill      XL: |  1  2  3 |
---------------+----------+-----
Spellcasting   | 3 4 |  4.0
Dodging        | |  1.5
Stealth        | |  3.0
Summonings     | |  4.1

Action                   |  1- 3 |  4- 6 || total
-------------------------+-------+-------++-------
Melee: Unarmed           |    31 |     2 ||    33
 Cast: Summon Small Mamm |    30 |       ||    30
       Call Imp          |     9 |       ||     9
       Call Canine Famil |     4 |       ||     4
 Abil: Spit Poison       |     8 |       ||     8
  Use: Potion            |     2 |       ||     2
       Scroll            |     1 |       ||     1
Armor: Robe              |    13 |       ||    13
Dodge: Dodged            |    23 |     1 ||    24

Levels and vault maps discovered:
D:1:      lemuel_arrival_behind_the_door_large, layout_loops_ring,
          chequers_ecumenical_altar_grove, kennysheep_boxes
D:2:      layout_loops_ring, basic_altar, moated_statue,
          kennysheep_generic_room_9
D:3:      layout_basic, corexii_leaking_fountain, minmay_between

Notes
Turn   | Place    | Note
-------+----------+-------------------------------------------
     0 | D:1      | spaghetti the Naga Summoner began the quest for the Orb.
     0 | D:1      | Reached XP level 1. HP: 15/15 MP: 3/3
     0 | D:1      | magus.rc [v1.9.6]
   268 | D:1      | You fall into a shaft and drop 1 floor!
   281 | D:2      | Reached XP level 2. HP: 22/22 MP: 3/5
   354 | D:2      | Reached skill level 3 in Spellcasting
   398 | D:2      | Learned a level 2 spell: Call Imp
   641 | D:2      | Found an opulent altar of Gozag.
   961 | D:2      | HP: 5/22 [quokka (5)]
   965 | D:2      | Reached XP level 3. HP: 4/28 MP: 3/7
   967 | D:2      | HP: 4/28 [bat (1)]
   970 | D:2      | You pick up a book of Pain and begin reading...
   970 | D:2      | You add the spells Pain, Agony and Excruciating Wounds to
                  | your library.
  1490 | D:2      | Learned a level 3 spell: Call Canine Familiar
  1646 | D:2      | Identified the +2 hat "Dajeileff" {rElec rC+ rN+}
  1968 | D:3      | HP: 6/28 [orc priest/+0 short sword (5)]
  1971 | D:3      | Reached skill level 4 in Spellcasting
  1971 | D:3      | Reached XP level 4. HP: 5/36 MP: 2/10
  1972 | D:3      | Slain by an orc

Vanquished Creatures
  An adder (D:2)
  An orc (D:3)
  A goblin (D:2)
  A hobgoblin (D:2)
  A quokka (D:2)
  A frilled lizard (D:2)
6 creatures vanquished.

Vanquished Creatures (collateral kills)
  An orc priest (D:3)
  A worm (D:2)
  3 dart slugs
  2 ball pythons
  A giant cockroach (D:2)
  3 hobgoblins
  A quokka (D:2)
  2 bats
  A frilled lizard (D:2)
  A kobold (D:1)
  3 rats
19 creatures vanquished.

Grand Total: 25 creatures vanquished

Table legend:
 A = Non-vault XP
 B = Vault XP
 C = Vault XP percentage of total XP
 D = Non-vault monster count
 E = Vault monster count
 F = Vault count percentage of total count
                 A         B        C        D         E       F
            +---------+---------+-------+---------+---------+-------
      Total |     100 |       2 |   2.0 |      23 |       2 |   8.0
            +---------+---------+-------+---------+---------+-------
        D:1 |       9 |       0 |   0.0 |       5 |       0 |   0.0
        D:2 |      45 |       2 |   4.3 |      15 |       2 |  11.8
        D:3 |      46 |       0 |   0.0 |       3 |       0 |   0.0
            +---------+---------+-------+---------+---------+-------

Illustrated notes

Table legend:
 A = Kills in this place as a percentage of kills in entire the game.
 B = Kills by you in this place as a percentage of kills by you in the entire game.
 C = Kills by friends in this place as a percentage of kills by friends in the entire game.
 D = Other kills in this place as a percentage of other kills in the entire game.
 E = Experience gained in this place as a percentage of experience gained in the entire game.
 F = Experience gained in this place divided by the number of levels of this place that you have seen.
                   A       B       C       D       E      F
               +-------+-------+-------+-------+-------+----------------------
         Total | 100.0 | 100.0 | 100.0 |   N/A | 100.0 |  34.0
       Dungeon | 100.0 | 100.0 | 100.0 |   N/A | 100.0 |  34.0
               +-------+-------+-------+-------+-------+----------------------

Table legend: (Time is in decaauts)
 A = Elapsed time spent in this place.
 B = Non-inter-level travel time spent in this place.
 C = Inter-level travel time spent in this place.
 D = Time resting spent in this place.
 E = Time spent auto-exploring this place.
 F = Levels seen in this place.
 G = Mean time per level.
                   A        B        C        D        E       F      G
               +--------+--------+--------+--------+--------+-----+--------+
         Total |   2255 |   2192 |     63 |    603 |   1292 |   3 |  751.7 |
       Dungeon |   2255 |   2192 |     63 |    603 |   1292 |   3 |  751.7 |
               +--------+--------+--------+--------+--------+-----+--------+

Top non-repeatable levels by time:
     D:2: 1938 daAuts
     D:1: 300 daAuts
     D:3: 16 daAuts
